Map: Central Protocol

Players

Kheasus - Winner!

  • Race: Zerg Zerg
  • League: Gold

Erra

  • Race: Terran Terran
  • League: Gold

VOD

Have the link to the VOD?

Description

Zergling/Roach/Ravager/Infestor vs Bio(Medivac)/Liberator/Tank

Time

  • Played on: March 9, 2016, 6:49 p.m.
  • Length: 16:50
Show
View Real Time Build Order
Export as new Build Order

Kheasus Zerg - Winner!

Build Orders: Hatch First 

Get SALT Encoding   

  12  0:02  Drone  
  13  0:08  Drone  
  14  0:16  Overlord  
  14  0:26  Extractor  
  14  0:27  Extractor, Drone  
  13  0:29  Drone  
  13  0:35  Drone  
  17  0:58  Hatchery  
  17  1:02  Drone x2  
  18  1:05  Extractor  
  17  1:24  Drone, Spawning Pool  
  17  1:25  Drone  
  18  1:33  Drone  
  19  2:16  Queen  
  19  2:17  Queen  
  23  2:23  Drone x5  
  28  2:35  Overlord x2  
  28  3:03  Metabolic Boost  
  28  3:07  Zergling x12  
  28  3:12  Extractor  
  33  3:14  Roach Warren  
  33  3:18  Overlord x2  
  32  3:40  Drone  
  32  3:41  Drone x7  
  40  3:57  Lair  
  40  4:03  Extractor  
  40  4:06  Drone  
  40  4:07  Drone x2  
  40  4:08  Drone  
  43  4:10  Drone x2  
  45  4:19  Evolution Chamber  
  45  4:21  Spine Crawler  
  43  4:26  Evolution Chamber  
  42  4:33  Drone x2  
  42  4:34  Drone x3  
  42  4:35  Drone  
  42  4:36  Spine Crawler  
  47  4:39  Drone x3  
  47  4:40  Drone  
  51  4:47  Zerg Missile Weapons Level 1  
  51  4:53  Zerg Ground Armor Level 1  
  51  4:56  Overlord  
  51  4:59  Overlord  
  51  5:09  Spore Crawler  
  51  5:13  Spore Crawler  
  49  5:16  Roach  
  49  5:17  Roach x3  
  49  5:18  Roach  
  54  5:49  Roach  
  60  5:50  Roach x5  
  66  6:00  Overlord x3  
  66  6:18  Ravager  
  66  6:19  Ravager x4  
  66  6:20  Ravager x2  
  66  6:22  Roach x4  
  81  6:26  Zergling x4  
  83  6:35  Drone x2  
  83  6:36  Extractor, Drone  
  83  6:39  Drone x2  
  88  6:40  Drone  
  88  6:41  Glial Reconstitution, Hatchery  
  87  6:47  Zerg Missile Weapons Level 2  
  88  6:54  Zergling x8  
  91  7:06  Zerg Ground Armor Level 2  
  78  7:50  Drone x10  
  78  7:51  Drone  
  89  7:57  Zergling x2  
  89  7:58  Zergling x2  
  91  8:01  Queen  
  93  8:08  Zergling x8  
  97  8:22  Overlord  
  97  8:23  Overlord x2  
  97  8:41  Roach x6  
  109  8:45  Queen  
  111  8:52  Roach x3  
  111  8:53  Roach x2  
  121  9:02  Ravager  
  122  9:06  Ravager x2  
  122  9:07  Ravager  
  122  9:10  Overseer  
  122  9:20  Overlord x3  
  122  9:21  Overlord x3  
  122  9:25  Pneumatized Carapace  
  122  9:34  Infestation Pit  
  121  9:46  Roach  
  121  9:47  Roach x6  
  122  10:03  Zergling x2  
  122  10:04  Zergling x10  
  128  10:19  Zergling x2  
  128  10:20  Zergling x6  
  126  10:26  Drone  
  126  10:27  Drone  
  128  10:41  Drone x2  
  128  10:42  Drone x2  
  132  10:45  Drone x2  
  121  11:06  Roach  
  121  11:07  Roach x4  
  128  11:37  Roach x3  
  128  11:38  Roach x7  
  140  11:41  Ravager x5  
  140  11:42  Ravager  
  145  12:25  Roach  
  145  12:26  Roach x11  
  145  12:28  Overlord  
  145  12:29  Overlord  
  169  12:37  Hive  
  135  13:15  Roach x13  
  161  13:24  Pathogen Glands  
  159  14:00  Ravager x4  
  159  14:01  Ravager x2  
  165  14:03  Infestor x3  
  165  14:04  Infestor  
  173  14:39  Extractor, Hatchery  
  173  14:40  Extractor  
  168  14:53  Roach  
  168  14:54  Roach x8  
  168  14:58  Overlord x4  
  168  14:59  Overlord  
  94  15:36  Zergling x2  
  94  15:39  Zergling x2  
  94  15:40  Zergling x14  
Show
View Real Time Build Order
Export as new Build Order

Erra Terran 

Build Orders:  

Get SALT Encoding   

  12  0:05  SCV  
  13  0:17  SCV  
  14  0:24  Supply Depot  
  14  0:29  SCV  
  15  0:48  Barracks  
  15  0:52  SCV  
  15  0:53  Barracks  
  16  1:05  SCV, Refinery  
  17  1:22  SCV  
  18  1:29  Barracks  
  18  1:34  SCV  
  18  1:38  Marine  
  20  1:46  SCV, Marine  
  22  1:56  Marine  
  23  2:07  Orbital Command  
  23  2:10  Supply Depot  
  23  2:31  Marine x3  
  23  2:32  SCV  
  27  2:37  Refinery  
  27  2:44  SCV  
  27  2:49  Marine x3  
  31  2:56  Factory  
  31  2:57  SCV  
  31  3:02  Supply Depot  
  31  3:07  Refinery  
  31  3:08  Barracks Tech Lab  
  31  3:12  Barracks Reactor  
  31  3:22  Supply Depot  
  31  3:23  Marine  
  31  3:26  SCV  
  34  3:49  Marine  
  34  3:52  Barracks Reactor, Marine  
  34  3:54  Stimpack  
  34  3:55  Factory Reactor  
  35  4:02  Command Center  
  35  4:09  Marine  
  35  4:10  Supply Depot, Marine  
  37  4:18  SCV  
  37  4:20  Starport  
  38  4:30  Marine x2  
  38  4:31  Marine x2  
  41  4:35  SCV  
  43  4:49  Widow Mine x2  
  43  4:52  Marine  
  48  4:53  Marine x2  
  48  4:59  Starport Tech Lab  
  50  5:00  Marine  
  50  5:01  Marine  
  52  5:10  Engineering Bay  
  54  5:24  Marine x2  
  54  5:25  Marine  
  55  5:45  Orbital Command  
  55  5:52  SCV, Marine  
  55  5:53  Marine x4  
  55  5:54  Medivac x2  
  68  5:57  Siege Tank  
  68  6:04  SCV  
  68  6:09  Terran Infantry Weapons Level 1  
  69  6:13  Marine  
  70  6:23  Supply Depot x2  
  70  6:26  Supply Depot  
  70  6:32  Liberator  
  70  6:44  Marine x5  
  78  6:51  Siege Tank  
  81  7:02  Marine x2  
  72  7:27  Marine  
  72  7:28  Marine x4  
  68  7:46  Marauder  
  70  7:56  Marine  
  70  7:57  Siege Tank  
  74  7:58  Medivac  
  76  8:06  Engineering Bay  
  76  8:08  Marauder  
  78  8:15  Refinery  
  78  8:20  Refinery  
  78  8:25  Sensor Tower  
  78  8:28  Missile Turret  
  78  8:29  Marauder  
  78  8:30  Siege Tank  
  78  8:32  SCV  
  84  8:37  Missile Turret  
  84  8:40  Terran Infantry Armor Level 1  
  84  8:41  Command Center  
  84  8:43  Supply Depot  
  84  8:53  SCV x2  
  86  9:05  SCV x2  
  88  9:16  Marine  
  88  9:17  SCV, Marine x3  
  89  9:18  Siege Tank  
  89  9:23  Marine  
  97  9:34  Marine x2  
  97  9:35  Liberator, Marine x2  
  101  9:41  Marine  
  101  9:52  Medivac, Siege Tank, Marine x3  
  110  9:53  Marine  
  113  10:00  Marine  
  113  10:05  Liberator  
  114  10:10  Marine x3  
  117  10:16  Marine  
  111  10:24  Siege Tank  
  111  10:28  Armory  
  115  10:32  Armory, Marine  
  116  10:40  Marine  
  117  11:02  Marine x2  
  117  11:03  Marine  
  117  11:10  Marine x2  
  106  11:26  Marine  
  106  11:27  Marine x3  
  110  11:37  Marine  
  108  11:44  Marine  
  108  11:45  Marine x3  
  108  11:46  Medivac x2  
  110  11:55  Marine  
  110  12:01  Marine  
  110  12:04  Marine  
  108  12:13  Marine x2  
  108  12:14  Marauder  
  112  12:16  Medivac  
  112  12:19  Marine, Supply Depot  
  112  12:21  Terran Infantry Weapons Level 2  
  115  12:35  Marauder  
  117  12:40  Marine x4  
  112  12:56  Marauder  
  90  13:01  Marine x4  
  90  13:17  Marine  
  91  13:20  Marine x3  
  91  13:21  Marine  
  91  13:22  Medivac  
  97  13:35  Marine  
  95  13:53  Marine x4  
  95  13:54  Marine  
  93  14:19  Siege Tank  
  96  14:44  Marine x2  
  98  15:00  Marine x3  
  98  15:03  Marine  
  98  15:04  Marine  
  101  15:21  Marine x2  
  63  15:28  Marine  
  63  15:29  Marine x2  
  47  15:39  Marine x2  
  37  15:46  Marine  
  37  15:47  Marine x2  
  34  15:57  Marine x2  
  32  16:04  Marine  
  25  16:22  Marine  
Tags
 
League
GoldGold
Matchup
TvZ
Replay Pack
lotv
Add a new tag
Caveats
  • Supply blocks, unpowered buildings, or Contaminate may cause inaccurate times.
  • Supply counts are checked every 10 seconds.